 Dungeon Crawl Stone Soup version 0.22-a0-782-g038298e (webtiles) character file.

10978 Gaball the Fighter (level 11, -7/99 HPs)
             Began as a Hill Orc Necromancer on July 19, 2018.
             Was an Elder of Beogh.
             Killed from afar by Harold (27 damage)
             ... with a bolt of fire
             ... on level 1 of the Lair of Beasts.
             The game lasted 01:03:44 (17310 turns).

Gaball the Fighter (Hill Orc Necromancer)          Turns: 17310, Time: 01:03:45

Health: -7/99      AC:  9    Str: 12    XL:     11   Next: 70%
Magic:  22/23      EV:  7    Int: 18    God:    Beogh [****..]
Gold:   714        SH:  0    Dex: 11    Spells: 19/27 levels left

rFire    . . .     SeeInvis .   Q - +1 glaive (flame)
rCold    . . .     Gourm    .   (shield currently unavailable)
rNeg     . . .     Faith    .   P - +0 troll leather armour
rPois    .         Spirit   .   i - +0 helmet
rElec    .         Reflect  .   E - +0 cloak
rCorr    .         Harm     .   r - +0 pair of gloves
MR       +....                  j - +0 pair of boots
Stlth    +.........             (no amulet)
HPRegen  0.66/turn              (no ring)
MPRegen  0.18/turn              t - ring of protection from magic

@: about to teleport, held
A: no striking features
a: Smiting, Recall Orcish Followers, Renounce Religion


You were on level 1 of the Lair of Beasts.
You worshipped Beogh.
Beogh was greatly pleased with you.
You were hungry.

You visited 2 branches of the dungeon, and saw 12 of its levels.

You collected 714 gold pieces.

Inventory:

Hand Weapons
 b - a +1 dagger of draining
 F - a +2 halberd of holy wrath
 K - the +9 whip "Roclaf" {venom, *Noise rElec Str-4 Dex+8}
   (You found it on level 9 of the Dungeon)

   It poisons the flesh of those it strikes.
   It affects your strength (-4).
   It affects your dexterity (+8).
   It insulates you from electricity.
   It may make noises in combat.
 Q - a +1 glaive of flaming (weapon)
Armour
 a - a +0 robe
 i - a +0 helmet (worn)
 j - a +0 pair of boots (worn)
 r - a +0 pair of gloves (worn)
 z - a scarf of spirit shield
 E - a +0 cloak (worn)
 P - a +0 troll leather armour (worn)
Jewellery
 o - an uncursed ring of protection from cold
 t - a ring of protection from magic (right hand)
 B - an uncursed ring of stealth
Wands
 d - a wand of flame (31)
 s - a wand of iceblast (10)
 I - a wand of paralysis (11)
 L - a wand of digging (17)
 M - a wand of clouds (4)
Scrolls
 e - 2 scrolls of enchant armour {unknown}
 f - 2 scrolls of immolation {unknown}
 g - 6 scrolls of remove curse
 h - 3 scrolls of random uselessness {unknown}
 k - 3 scrolls of teleportation
 v - 3 scrolls of amnesia {unknown}
 w - 2 scrolls of magic mapping {unknown}
 x - 2 scrolls of blinking
 y - 3 scrolls of enchant weapon
 A - a scroll of fear {unknown}
 J - a scroll of brand weapon {unknown}
 N - 2 scrolls of identify
 S - a scroll of noise {unknown}
Potions
 l - 3 potions of mutation {unknown}
 m - 4 potions of degeneration {unknown}
 n - a potion of resistance {unknown}
 p - a potion of magic {unknown}
 q - 5 potions of flight
 u - 5 potions of curing
 C - a potion of heal wounds {unknown}
 D - a potion of lignification {unknown}
 G - a potion of berserk rage
 H - a potion of ambrosia {unknown}
 O - 2 potions of haste
 T - a potion of invisibility {unknown}
Comestibles
 c - 17 rations


   Skills:
 - Level 9.7 Fighting
 + Level 6.4 Polearms
 + Level 4.2 Armour
 + Level 3.6 Dodging
 - Level 1.5 Stealth
 - Level 8.9 Spellcasting
 - Level 8.8 Necromancy
 + Level 4.0 Invocations


You had 19 spell levels left.
You knew the following spells:

 Your Spells              Type           Power        Failure   Level  Hunger
a - Pain                  Necr           ####         1%          1    None
b - Regeneration          Chrm/Necr      ###.......   5%          3    None
c - Animate Dead          Necr           N/A          3%          4    ###....

Your spell library contained the following spells:

 Spells                   Type           Power        Failure   Level  Hunger
 Animate Skeleton         Necr           N/A          1%          1    None
 Vampiric Draining        Necr           #####.....   1%          3    None


Dungeon Overview and Level Annotations

Branches:
Dungeon (11/15)            Temple (0/1) D:7            Lair (1/6) D:9
    Orc (0/2) D:11

Altars:
Dithmenos
Elyvilon
Fedhas
Gozag
Nemelex Xobeh
Okawaru
Ru
Wu Jian
Xom
The Shining One

Shops:
D:8 (:%

Annotations:
D:4 1 runed door, Deathmic's ghost, amateur HOFi
D:8 Grum
D:9 Gastronok
D:11 Erica
Lair:1 Harold


Message History

You tear a large gash into the net.
Harold drinks a potion.
Harold seems to speed up.
You rip the net and break free!
Harold throws a throwing net.
The throwing net hits you.
You become entangled in the net!
The white imp gestures at you. The puff of frost hits you!
As you read the scroll of teleportation, it crumbles to dust.
You feel strangely unstable.
Your skin stops crawling.
Harold points at you and mumbles some strange words.
The bolt of fire hits you!
* * * LOW HITPOINT WARNING * * *
The white imp hits you.
* * * LOW HITPOINT WARNING * * *
The white imp freezes you.
* * * LOW HITPOINT WARNING * * *
You feel better. Harold casts a spell at you. The bolt of fire hits you!
You die...

##..# #.# #.##.
#..## #.# #.##.
#...# #.# #.##.
#..## ##.# #.##.
##..# #..####
#.P## #...#
#.##.###.## #...##
#........#
#....####.P#######
#.5@.@....##
#55..####.#
##5####
#.########## #..#
#........... ##.#
#####..P.######
##5####..#######
#P.(.5.5.5.#
########.#.##
###.P# #


You could see Harold and 4 white imps.

Vanquished Creatures
  Erolcha (D:9)
  3 two-headed ogres
  2 trolls
  A hippogriff (Lair:1)
  A shadow (D:11)
  5 yaks
  Eustachio (D:6)
  A porcupine (D:9)
  3 orc warriors
  3 water moccasins
  4 sky beasts
  Duvessa (D:7)
  An ice beast (D:8)
  3 necrophages (D:8)
  6 ogres
  A centaur (D:10)
  3 crocodiles (Lair:1)
  2 big kobolds (D:11)
  A wyvern zombie (D:8)
  6 bullfrogs
  A water moccasin zombie (D:8)
  Dowan (D:7)
  A water moccasin skeleton (D:8)
  4 wights (D:7)
  A bullfrog zombie (D:8)
  A crimson imp (D:10)
  Crazy Yiuf (D:5)
  4 orc priests
  9 orc wizards
  5 hounds
  A centaur skeleton (D:5)
  2 jellies
  An iguana (D:11)
  7 worker ants
  A hound skeleton (D:6)
  A mummy (D:8)
  A howler monkey zombie (D:6)
  8 adders
  7 gnolls
  2 shadow imps
  4 white imps (Lair:1)
  An adder skeleton (D:6)
  2 worms
  2 dart slugs
  6 leopard geckos
  36 orcs
  8 bats
  6 giant cockroaches
  12 goblins
  10 hobgoblins
  9 jackals
  7 kobolds
  2 quokkas
  2 ball pythons
  5 frilled lizards
  A leopard gecko skeleton (D:5)
  A quokka skeleton (D:4)
  5 rats
227 creatures vanquished.

Vanquished Creatures (collateral kills)
  A manticore (D:11)
  A spiny frog (Lair:1)
  A troll (D:11)
  A hippogriff (D:9)
  4 yaks
  2 porcupines (D:9)
  A water moccasin (D:10)
  A black bear (D:9)
  An orc warrior (D:11)
  An ice beast (D:7)
  A phantom (D:11)
  A necrophage (D:8)
  2 ogres (D:11)
  2 wolves (D:8)
  2 centaurs (D:11)
  A big kobold (D:10)
  4 bullfrogs (D:9)
  5 gnoll sergeants (D:11)
  A scorpion (D:9)
  A crimson imp (D:5)
  A centaur zombie (D:5)
  A hound (D:10)
  2 orc priests
  A bullfrog skeleton (D:7)
  3 orc wizards
  2 iguanas (D:8)
  3 worker ants
  A hound skeleton (D:10)
  2 gnolls
  A shadow imp (D:5)
  A leopard gecko (D:10)
  6 orcs
  2 quokkas
  A fungus (D:9)
  A plant (D:9)
62 creatures vanquished.

Vanquished Creatures (others)
  6 orc warriors
  6 orc priests
  2 orc wizards (D:11)
  23 orcs
  38 fungi (D:9)
  15 plants (D:9)
  A withered plant (D:8)
91 creatures vanquished.

Grand Total: 380 creatures vanquished

Notes
Turn   | Place    | Note
-------+----------+-------------------------------------------
     0 | D:1      | Gaball the Hill Orc Necromancer began the quest for the Orb.
     0 | D:1      | Reached XP level 1. HP: 14/14 MP: 3/3
   359 | D:1      | Reached skill level 1 in Fighting
   359 | D:1      | Reached XP level 2. HP: 18/23 MP: 0/4
   969 | D:1      | Reached XP level 3. HP: 26/28 MP: 1/5
   976 | D:1      | Learned a level 3 spell: Regeneration
  1883 | D:2      | Reached skill level 2 in Fighting
  1883 | D:2      | Reached XP level 4. HP: 34/36 MP: 3/7
  2817 | D:3      | Reached skill level 5 in Necromancy
  3310 | D:3      | Found a white marble altar of Elyvilon.
  3371 | D:3      | Became a worshipper of Beogh the Brigand
  3381 | D:3      | Reached XP level 5. HP: 38/42 MP: 5/8
  3505 | D:3      | Learned a level 4 spell: Animate Dead
  3787 | D:3      | Found a shimmering altar of Xom.
  3787 | D:3      | Found an ornate altar of the Wu Jian Council.
  3841 | D:4      | Noticed an ogre
  4006 | D:4      | Reached skill level 3 in Fighting
  4342 | D:4      | Reached XP level 6. HP: 48/51 MP: 3/10
  4353 | D:4      | Found a runed door.
  4427 | D:4      | Found a sacrificial altar of Ru.
  4443 | D:4      | Reached skill level 4 in Fighting
  5221 | D:4      | Noticed Deathmic's ghost (amateur HOFi)
  5242 | D:5      | Entered Level 5 of the Dungeon
  5295 | D:5      | Found a runed door.
  5349 | D:5      | Reached XP level 7. HP: 51/60 MP: 9/11
  5362 | D:5      | Reached * piety under Beogh
  5378 | D:5      | Found a sparkling altar of Nemelex Xobeh.
  5379 | D:5      | Found an opulent altar of Gozag.
  6178 | D:5      | Noticed Crazy Yiuf
  6189 | D:5      | Killed Crazy Yiuf
  6189 | D:5      | Reached XP level 8. HP: 12/67 MP: 3/14
  7335 | D:7      | Noticed Duvessa
  7335 | D:7      | Noticed Dowan
  7617 | D:6      | Reached ** piety under Beogh
  7646 | D:6      | Noticed Eustachio
  7704 | D:6      | Reached skill level 5 in Spellcasting
  7963 | D:6      | Killed Eustachio
  8142 | D:7      | Found a staircase to the Ecumenical Temple.
  8204 | D:7      | Killed Dowan
  8267 | D:7      | Killed Duvessa
  8435 | D:7      | Reached XP level 9. HP: 60/73 MP: 17/17
  8548 | D:7      | Found a glowing golden altar of the Shining One.
  8553 | D:7      | Found a blossoming altar of Fedhas.
  8557 | D:7      | Found an iron altar of Okawaru.
  9906 | D:7      | Reached skill level 1 in Polearms
 10111 | D:8      | Found Guset's Book Boutique.
 10203 | D:8      | Found Nirujus's Antique Weapon Emporium.
 10637 | D:8      | Found Ruzor's Food Shoppe.
 11310 | D:8      | Reached *** piety under Beogh
 11361 | D:8      | Noticed Grum
 11501 | D:8      | Reached skill level 5 in Polearms
 11601 | D:9      | Found a staircase to the Lair.
 11612 | D:9      | Reached XP level 10. HP: 76/76 MP: 17/20
 11617 | D:9      | Noticed Erolcha
 11702 | D:9      | Noticed Gastronok
 11789 | D:9      | Got a twisted whip {venom}
 11864 | D:9      | Found a shadowy altar of Dithmenos.
 11977 | D:9      | Noticed a two-headed ogre
 12257 | D:10     | Entered Level 10 of the Dungeon
 12261 | D:10     | Identified the +9 whip "Roclaf" {venom, *Noise rElec Str-4 Dex+8} (You found it on level 9 of the Dungeon)
 12295 | D:10     | Reached skill level 5 in Fighting
 12773 | D:10     | Gained Argrim as an ally
 12801 | D:10     | Noticed a two-headed ogre
 12807 | D:10     | Your ally Argrim died
 13612 | D:10     | Reached skill level 6 in Fighting
 13760 | D:10     | Noticed a two-headed ogre
 14746 | D:11     | Reached skill level 7 in Fighting
 14781 | D:11     | Noticed a manticore
 15053 | D:10     | Killed a two-headed ogre
 15274 | D:11     | Reached skill level 8 in Fighting
 15326 | D:11     | Found a staircase to the Orcish Mines.
 15350 | D:11     | Killed a manticore
 15350 | D:11     | Reached **** piety under Beogh
 15361 | D:11     | Reached XP level 11. HP: 79/91 MP: 14/23
 15578 | D:11     | Noticed Erica
 15584 | D:11     | Reached skill level 1 in Armour
 15871 | D:10     | Killed a two-headed ogre
 15871 | D:10     | Reached skill level 9 in Fighting
 16060 | D:11     | Reached skill level 1 in Invocations
 16430 | D:9      | Killed a two-headed ogre
 16434 | D:9      | Paralysed by something for 2 turns
 16435 | D:9      | Killed Erolcha
 16741 | Lair:1   | Entered Level 1 of the Lair of Beasts
 17110 | Lair:1   | Noticed Harold
 17310 | Lair:1   | Killed from afar by Harold

Vault maps used:
D:1:      dpeg_arrival_court, minmay_fountain_box
D:3:      lemuel_round_altar, gammafunk_temple_overflow_pools
D:4:      ebering_ghost_reflecting_pool, nicolae_ru_sacrificial_ziggurat
D:5:      grunt_temple_overflow_opulence, first_ration, uniq_crazy_yiuf_cottage
D:6:      uniq_eustachio
D:7:      minmay_overflow_temple_star_quad, temple_statues,
          lightli_ossuary_entry_decrepit_ruins, uniq_duvessa
D:8:      serial_shops, shop, nicolae_shop_waterfront, shop_fountains,
          serial_undead, serial_undead_c, serial_undead_c, serial_undead_c,
          serial_undead_e, uniq_grum
D:9:      nicolae_dithmenos_the_darkroom, due_lair_maze_entry_diamond,
          uniq_gastronok, uniq_erolcha
D:10:     blue_anna_alchemist
D:11:     kennysheep_orc_monster_closet_entryway, lab_entry_generic, uniq_erica
Lair:1:   portal_ice_cave_entry_imps, grunt_forest_small_clearings, uniq_harold

Skill      XL: |  1  2  3  4  5  6  7  8  9 10 11 |
---------------+----------------------------------+-----
Fighting       | 1 2 3 4 8 9 |  9.7
Spellcasting   | 2 3 4 5 7 8 |  8.9
Necromancy     | 5 6 8 |  8.8
Polearms       | 5 6 |  6.4
Armour         | 4 |  4.2
Dodging        | 3 |  3.6
Invocations    | 4 |  4.0
Stealth        | |  1.5

Action                   |  1- 3 |  4- 6 |  7- 9 | 10-12 || total
-------------------------+-------+-------+-------+-------++-------
Melee: Dagger            |    69 |   112 |   157 |       ||   338
       Halberd           |       |       |    99 |   122 ||   221
       Whip              |       |       |       |    41 ||    41
       Glaive            |       |       |       |    18 ||    18
 Cast: Pain              |    60 |    90 |   222 |   158 ||   530
       Regeneration      |       |     1 |    13 |    13 ||    27
       Animate Dead      |       |     7 |    14 |    17 ||    38
Invok: Convert to Beogh  |       |     1 |       |       ||     1
       Smiting           |       |       |     1 |       ||     1
Evoke: Wand              |       |       |       |    17 ||    17
  Use: Scroll            |       |     2 |     6 |     6 ||    14
       Potion            |       |       |       |     1 ||     1
 Stab: Sleeping          |     2 |     4 |     2 |       ||     8
       Paralysed         |       |       |       |    16 ||    16
       Distracted        |       |       |       |     3 ||     3
  Eat: Chunk             |     4 |    12 |     8 |     6 ||    30
       Ration            |       |       |     5 |     4 ||     9
Armor: Robe              |    38 |    37 |    98 |    39 ||   212
       Troll leather arm |       |       |       |    27 ||    27
Dodge: Dodged            |    72 |    87 |   212 |   140 ||   511

Table legend:
 A = Spawn XP
 B = Non-spawn XP
 C = Spawn XP percentage of total XP
 D = Spawn monster count
 E = Non-spawn monster count
 F = Spawn count percentage of total count
 G = Total turns spent on level
                    A         B        C        D         E        F      G
               +---------+---------+-------+---------+---------+-------+---------
         Total |       0 |   15684 |   0.0 |       0 |     287 |   0.0 | 17310
               +---------+---------+-------+---------+---------+-------+---------
           D:1 |       0 |      39 |   0.0 |       0 |      20 |   0.0 |  1137
           D:2 |       0 |      86 |   0.0 |       0 |      32 |   0.0 |  1502
           D:3 |       0 |     118 |   0.0 |       0 |      24 |   0.0 |  1284
           D:4 |       0 |     323 |   0.0 |       0 |      16 |   0.0 |  1334
           D:5 |       0 |     633 |   0.0 |       0 |      21 |   0.0 |  1330
           D:6 |       0 |     997 |   0.0 |       0 |      35 |   0.0 |  2126
           D:7 |       0 |     773 |   0.0 |       0 |      17 |   0.0 |  1540
           D:8 |       0 |    1631 |   0.0 |       0 |      27 |   0.0 |  1516
           D:9 |       0 |    3975 |   0.0 |       0 |      27 |   0.0 |  1446
          D:10 |       0 |    2937 |   0.0 |       0 |      20 |   0.0 |  2408
          D:11 |       0 |    3016 |   0.0 |       0 |      37 |   0.0 |  1118
        Lair:1 |       0 |    1156 |   0.0 |       0 |      11 |   0.0 |   569
               +---------+---------+-------+---------+---------+-------+---------
